[Event "*** Titled Tuesday Blitz"]
[Site "Chess.com"]
[Date "2020.04.28"]
[Round "5"]
[White "Pawnpusherschessaccademy"]
[Black "Spring199"]
[Result "1-0"]
[WhiteElo "2239"]
[BlackElo "2381"]
[TimeControl "180+1"]
[EndTime "10:57:25 PDT"]
[Termination "Pawnpusherschessaccademy won on time"]

1. e4 e5 2. Nf3 Nc6 3. Bb5 a6 4. Ba4 Nf6 5. Qe2 b5 6. Bb3 Be7 7. a4 Rb8 8. d4 d6 9. c3 O-O 10. axb5 axb5 11. d5 Bb7 12. dxc6 Bxc6 13. Bc2 b4 14.
O-O Qd7 15. Bg5 h6 16. Bh4 bxc3 17. bxc3 Rb2 18. Bxf6 Bxf6 19. Qd1 Rfb8 20. Na3 Qg4 21. Re1 h5 22. Nc4 R2b5 23. Ne3 Qd7 24. Ba4 Rb2 25. Nd5 Bd8 26. Bxc6 Qxc6 27. Re2 R2b7 28. h3 Qc4 29.
Re1 c6 30. Ne3 Qc5 31. Nf5 g6 32. Qxd6 Qxc3 33. Ng3 Bc7 34. Qd2 Qc5 35. Rac1 Qb5 36. Qc3 Ba5 37. Qxe5 Bxe1 38. Rxe1 Qxe5 39. Nxe5 Rb1 40.
Kf1 c5 41. Ne2 f6 42. Nxg6 Rxe1+ 43. Kxe1 c4 44. Ngf4 Rb2 45. Kd1 Ra2 46. Kc1 h4 47. Kd1 Kf7 48. Nd5 Ke6 49. Ndc3 Ra1+ 50. Kd2 Rf1 51. Ke3 Ra1 52. Kd4 Rf1 53. Ke3 Ra1 54. f4 f5 55. e5 Rh1 56. Kd4 Rh2 57. Kxc4 Rxg2 58. Nd4+ Ke7 59. Nxf5+ Ke6 60. Nxh4 Rg3 61. f5+ Kxe5 62. Nd5 1-0

[Event "*** Titled Tuesday Blitz"]
[Site "Chess.com"]
[Date "2020.04.28"]
[Round "5"]
[White "tgpgoat"]
[Black "Popopuiyt"]
[Result "1/2-1/2"]
[WhiteElo "2197"]
[BlackElo "2339"]
[TimeControl "180+1"]
[EndTime "10:57:27 PDT"]
[Termination "Game drawn by repetition"]

1. e4 c5 2. Nf3 Nc6 3. d4 cxd4 4. Nxd4 Nf6 5. Nc3 e5 6. Ndb5 d6 7. Na3 a6 8. Bg5 b5 9. Nd5 Be7 10. Bxf6 Bxf6 11. c3 O-O 12. Be2 Bg5 13. O-O Rb8 14. Nc2 Kh8 15. Nce3 Be6 16. a4 bxa4 17. Qxa4 Rxb2 18. Qxc6 Rxe2 19. Qxa6 Rb2 20. Rfd1 Bxe3 21.
Nxe3 Rb6 22. Qd3 Rc6 23. Ra6 Qc7 24. Rxc6 Qxc6 25. Qxd6 Qxd6 26. Rxd6 g6 27. Rd2 Ra8 28. f3 Bb3 29. Kf2 Rc8 30. Rd3 Kg7 31. Nd5 f5 32.
Ke3 Rc6 33. Nb4 Rc7 34. Nd5 Rc6 35. Kd2 Bc4 36. Re3 f4 37. Re1 Bxd5 38. exd5 Rc5 39. Rxe5 Kf6 40. Re6+ Kf7 41. Re4 Rxd5+ 42. Kc2 g5 43. c4 Ra5 44. Kb3 Ra1 45. Re2 Rc1 46. Rc2 Rb1+ 47. Kc3 Ke6 48. Kd4 Kd6 49. c5+ Kc6 50. Ke5 Rd1 51. Kf5 Rd5+ 52. Kf6 h5 53. Kg6 g4 54. Rf2 Kxc5 55. fxg4 hxg4 56. Rxf4 g3 57.
hxg3 Rd2 58. Rf5+ Kd6 59. Rg5 Rxg2 60. Kh5 Ke6 61. Kg6 Ra2 62. g4 Ke7 63. Kg7 Ra7 64.
Rg6 Ra8 65. g5 Rf8 66. Rf6 Ra8 67. g6 Ra1 68. Rf7+ Ke6 69. Kg8 Ra8+ 70. Rf8 Ra7 71. g7 Ra1 72. Re8+ Kf6 73. Rf8+ Kg6 74. Rf2 Ra8+ 75. Rf8 Ra7 76. Rd8 Rxg7+ 77. Kh8 Rh7+ 78. Kg8 Rg7+ 79. Kh8 Rh7+ 80. Kg8 Rg7+ 1/2-1/2

[Event "*** Titled Tuesday Blitz"]
[Site "Chess.com"]
[Date "2020.04.28"]
[Round "5"]
[White "731291"]
[Black "JSMastropiero"]
[Result "1-0"]
[WhiteElo "2683"]
[BlackElo "2435"]
[TimeControl "180+1"]
[EndTime "10:57:32 PDT"]
[Termination "731291 won by resignation"]

1. d4 Nf6 2. Nf3 d5 3. c4 e6 4.
g3 Bb4+ 5. Bd2 Bd6 6. Bg2 c6 7.
O-O O-O 8. Bg5 Nbd7 9. Nbd2 h6 10. Bxf6 Nxf6 11. Qc2 b6 12. e4 Be7 13. Ne5 Bb7 14.
Rad1 Rc8 15. Rfe1 Nd7 16. Nxd7 Qxd7 17. Nf3 Bf6 18. Qa4 dxe4 19. Ne5 Bxe5 20. dxe5 Qc7 21. Rd6 Rfd8 22. Red1 Rxd6 23. exd6 Qb8 24. Bxe4 c5 25. Qc2 Rd8 26. Bxb7 Qxb7 27. Qd3 Rd7 28. h4 h5 29. Qe2 g6 30. Qe5 Qb8 31. a3 a5 32. Rd3 Qf8 33.
Kh2 Qg7 34. Qe2 a4 35. Rd2 Qf6 36. Qe4 e5 37. Qc6 Qd8 38. Rd5 Kg7 39. Kg2 Kf6 40.
Rd3 Kg7 41. Qd5 Qe8 42. Qc6 Qd8 43. Rd5 Kf6 44. Rd2 Kg7 45. Qd5 Qe8 46. Kg1 Kf6 47. Qf3+ Kg7 48. Qe4 Qe6 49. Qc6 e4 50. Qxb6 e3 51. Re2 exf2+ 52. Kxf2 Qf6+ 53. Kg2 Rxd6 54. Qxc5 Rd3 55. Qe5 Qxe5 56. Rxe5 Rd2+ 57. Kf3 Rxb2 58. Re3 Rc2 59. Re4 Rc3+ 60. Kf4 Rxa3 61. Ke5 Rxg3 62.
c5 Rc3 63. Kd6 a3 64. c6 Rd3+ 65. Kc5 Rc3+ 66. Kb6 Rb3+ 67. Kc5 Rc3+ 68. Kd6 Kf6 69. Rf4+ Kg7 70. c7 a2 71. Ra4 Rc2 72. Rxa2 Rc4 73.
Ra6 Rd4+ 74. Ke7 Rc4 75. Kd7 Rd4+ 76. Rd6 Rc4 77. Rc6 Rd4+ 78. Ke7 Re4+ 79. Kd6 Rd4+ 80.
Ke5 1-0

[Event "*** Titled Tuesday Blitz"]
[Site "Chess.com"]
[Date "2020.04.28"]
[Round "5"]
[White "otrov-11"]
[Black "FeketeBarika"]
[Result "0-1"]
[WhiteElo "2366"]
[BlackElo "2231"]
[TimeControl "180+1"]
[EndTime "10:57:32 PDT"]
[Termination "FeketeBarika won by checkmate"]

1. Nf3 d5 2. c4 c6 3. g3 Nf6 4. Bg2 Bg4 5. b3 Nbd7 6. Bb2 e6 7. O-O Be7 8. d3 O-O 9. Nbd2 Re8 10. Qc2 a5 11. a3 Rc8 12. Rfe1 b5 13. e4 dxe4 14. dxe4 Nc5 15. Re3 Nfd7 16. Nd4 e5 17. N4f3 f6 18.
Nf1 Ne6 19. Rd3 Qc7 20. Ne3 Bxf3 21. Bxf3 Ndc5 22. Rd2 a4 23. bxa4 bxa4 24. Rad1 Ng5 25. Bg2 Qb6 26. h3 Rcd8 27. h4 Nge6 28. Nf5 Bf8 29.
Rxd8 Rxd8 30. Rxd8 Qxd8 31. h5 g6 32. hxg6 hxg6 33.
Ne3 Kf7 34. Bh3 Qd3 35. Bxe6+ Kxe6 36. Qc1 Qxe4 37. Qd1 Nd3 38. Bc3 Bc5 39. Qg4+ Qxg4 40. Nxg4 f5 41. Ne3 Bxe3 42. fxe3 Nc5 43. Kf1 Ne4 44.
Be1 Nd6 45. Ke2 Nxc4 46. Bb4 Kd5 47. Kd3 c5 48. Bc3 Nxa3 49. Ba1 Nb5 50. Ke2 c4 51.
Kf2 a3 52. Ke2 Ke4 53. Kd2 c3+ 54. Kc2 Kxe3 55. g4 fxg4 56. Kb3 Kd2 57. Ka2 c2 58. Bb2 axb2 59. Kb3 b1=Q+ 60. Kc4 Na3+ 61. Kd5 Qb5+ 62. Ke6 Qc4+ 63. Kf6 e4 64. Kg5 Ke3 65. Kh4 Qd5 66.
Kg3 g5 67. Kh2 Qf5 68. Kg3 Qf3+ 69. Kh2 g3+ 70. Kh3 g2+ 71. Kh2 g1=Q+ 72. Kxg1 Qf2+ 73. Kh1 Qe2 74. Kg1 Kf3 75. Kh1 Kg3 76. Kg1 Qe1# 0-1

[Event "*** Titled Tuesday Blitz"]
[Site "Chess.com"]
[Date "2020.04.28"]
[Round "5"]
[White "temus_galaktionov"]
[Black "Alexander_Zubov"]
[Result "1-0"]
[WhiteElo "2770"]
[BlackElo "2854"]
[TimeControl "180+1"]
[EndTime "10:57:35 PDT"]
[Termination "temus_galaktionov won on time"]

1. d4 Nf6 2. Nf3 g6 3. c4 Bg7 4. Nc3 d5 5. cxd5 Nxd5 6. e4 Nxc3 7. bxc3 c5 8. Be3 Qa5 9. Qd2 O-O 10. Rc1 Nc6 11. d5 Rd8 12. Be2 b6 13. O-O Ba6 14.
c4 Qxd2 15. Bxd2 Nd4 16. Nxd4 Bxd4 17. Bc3 e5 18. Bxd4 cxd4 19. f4 Re8 20. fxe5 Rxe5 21.
Bf3 Rc8 22. Rfd1 Rxc4 23. Rxc4 Bxc4 24. Rxd4 Bb5 25. Rb4 Bd7 26. Rc4 f5 27. exf5 Bxf5 28. Rc7 a5 29. g4 Be4 30. d6 Bxf3 31. d7 Rd5 32. Rc8+ Kf7 33. d8=Q Rxd8 34. Rxd8 Bxg4 35. Rb8 a4 36. Rxb6 Be6 37. a3 g5 38. Ra6 Bb3 39. Kf2 h5 40. Kf3 Bc2 41. Ke3 h4 42. Rc6 Bd1 43. Ke4 g4 44. Kf4 Ke7 45. Rh6 g3 46.
hxg3 hxg3 47. Kxg3 Kd7 48. Kf4 Bb3 49. Ke5 Kc7 50.
Kd4 Kd7 51. Kc5 Ke7 52. Rd6 Ke8 53. Kc6 Ke7 54. Rd4 Bc2 55. Rc4 Bb3 56. Re4+ Kf6 57.
Kd6 Kf5 58. Rd4 Bc2 59. Rd2 Bb3 60. Re2 Kf4 61. Kc5 Kf5 62. Kd4 Kf6 63. Re3 Bd1 64.
Kd5 Bb3+ 65. Kd6 Kf5 66. Kc5 Kf6 67. Kd4 Bd1 68. Re5 Bb3 69. Ra5 Ke6 70. Ke4 Kd6 71.
Kd4 Ke6 72. Ra6+ Ke7 73. Ke5 Kd7 74. Rd6+ Kc7 75. Rd3 Kc6 76. Rc3+ Kd7 77. Rc5 Ke7 78. Rc7+ Kf8 79. Ra7 Ke8 80. Kd6 Kf8 81. Re7 Kg8 82. Ke5 Kf8 83. Kf6 Kg8 84. Rc7 Kh8 85. Kg6 Bg8 86.
Ra7 Bb3 87. Ra8+ 1-0

[Event "*** Titled Tuesday Blitz"]
[Site "Chess.com"]
[Date "2020.04.28"]
[Round "5"]
[White "Rumpel-VK"]
[Black "Izoria123"]
[Result "0-1"]
[WhiteElo "2623"]
[BlackElo "2819"]
[TimeControl "180+1"]
[EndTime "10:57:36 PDT"]
[Termination "Izoria123 won on time"]

1. e4 d6 2. d4 g6 3. h3 Bg7 4. Nf3 Nf6 5. Nc3 O-O 6. Be2 c5 7. d5 b5 8. Bxb5 Nxe4 9. Nxe4 Qa5+ 10. Nfd2 Qxb5 11. c4 Qa6 12. O-O Nd7 13. Re1 Ne5 14.
Qe2 Bf5 15. f4 Nd7 16. Ng3 Bc2 17. Nf3 Bb3 18. Nd2 Ba4 19. Qxe7 Bd4+ 20. Kh2 Nf6 21. Nde4 Nxe4 22. Nxe4 Rae8 23. Qh4 Qxc4 24. Bd2 Rxe4 25. Rxe4 Qxd5 26. Rae1 Bc6 27. Bc3 Bxc3 28. bxc3 Qxa2 29. R4e2 Qc4 30. Qf6 Qd5 31. f5 Qxf5 32. Qxd6 Bd7 33.
Re5 Qf4+ 34. Kh1 Be6 35. Qxc5 Rc8 36. Qe3 Qc4 37. Qxa7 Qxc3 38. Qe3 Qxe3 39. R5xe3 Rc6 40. Kh2 Kg7 41. g4 h6 42. Kg3 Rb6 43. Re4 Rb3+ 44. R1e3 Rb6 45. Rd4 Ra6 46. h4 Ra5 47. Rc3 g5 48. hxg5 Rxg5 49. Kh4 Rg6 50. Rf3 Rf6 51. Rxf6 Kxf6 52. Kh5 Kg7 53. Rf4 Bd7 54. Rf2 Be6 55. Rf1 Bd7 56. Re1 Be6 57. Rd1 Bc8 58. Kh4 Be6 59. Rc1 Bd7 60. Kg3 Be6 61. Kf4 Bd7 62. Rd1 Be6 63. Rd2 Kg6 64. Rd6 Kg7 65. g5 hxg5+ 66.
Kxg5 Bb3 67. Rd3 Bc2 68. Rg3 Bg6 69. Kf4 Kf6 70. Rb3 Bh7 71. Rb6+ Kg7 72. Ke5 Bg6 73. Kd6 Bh7 74. Ke7 Bg6 75. Rf6 Bh5 76. Rf2 Bg6 77.
Rf1 Bh5 78. Kd6 Bg6 79. Ke5 Bh7 80. Rg1+ Bg6 81. Rg2 Kh6 82. Kf6 Kh5 83. Rg5+ Kh4 84. Rg1 Kh5 85. Ke5 Kh6 86. Kf6 Kh5 0-1

[Event "*** Titled Tuesday Blitz"]
[Site "Chess.com"]
[Date "2020.04.28"]
[Round "5"]
[White "ShahMatKanal"]
[Black "AnnaChessLook"]
[Result "1/2-1/2"]
[WhiteElo "2444"]
[BlackElo "2264"]
[TimeControl "180+1"]
[EndTime "10:57:36 PDT"]
[Termination "Game drawn by repetition"]

1. d4 Nf6 2. c4 c5 3. d5 b5 4. a4 b4 5. b3 g6 6. Bb2 Bg7 7. Nf3 O-O 8. g3 d6 9. Bg2 e6 10. dxe6 Bxe6 11. O-O Nc6 12. Ra2 Qc7 13. Ng5 Bf5 14. e4 Bg4 15. f3 Bd7 16. Nd2 Rad8 17. Qa1 Ne8 18. Bxg7 Nxg7 19. Qf6 Nd4 20. e5 dxe5 21. Qa6 Qb6 22. Qxb6 axb6 23. a5 bxa5 24. Rxa5 Rc8 25. Nge4 Bf5 26. Nxc5 Nge6 27. Nce4 Bxe4 28. fxe4 f6 29. Bh3 Rcd8 30. Rf2 Kg7 31. Bxe6 Nxe6 32. Rb5 Rb8 33. Rxb8 Rxb8 34. Nf3 Nc5 35. Rb2 Nxe4 36.
Nd2 Nc5 37. Kf1 Rd8 38. Ke2 Rd3 39. Rb1 Rc3 40. Rb2 g5 41. Ra2 Nxb3 42. Ra7+ Kg6 43. Ne4 Nd4+ 44. Kf2 Rc2+ 45. Ke3 Re2+ 46. Kd3 Rxh2 47.
Ra6 h6 48. Rxf6+ Kh5 49. Rb6 b3 50. Nf6+ Kg6 51. Ng4+ Kf5 52. Nxh2 h5 53. c5 Ne6 54. Rxb3 Nxc5+ 55. Kc4 Nxb3 56. Kxb3 h4 57. gxh4 gxh4 58.
Kc2 Kf4 59. Kd2 Kg3 60. Nf1+ Kf2 61. Nh2 Kg2 62. Ng4 h3 63. Ke3 Kg3 64. Nf2 h2 65. Nh1+ Kg2 66. Nf2 Kg1 67. Ke2 e4 68. Ke3 Kf1 69.
Nh1 Kg2 70. Nf2 Kg1 71. Ke2 Kg2 72. Ke3 Kf1 73. Nh1 Kg1 74. Nf2 Kg2 75. Ke2 Kg1 76. Ke3 1/2-1/2

[Event "*** Titled Tuesday Blitz"]
[Site "Chess.com"]
[Date "2020.04.28"]
[Round "5"]
[White "ChelsieMonica"]
[Black "goofypenguin96"]
[Result "1/2-1/2"]
[WhiteElo "2333"]
[BlackElo "2171"]
[TimeControl "180+1"]
[EndTime "10:57:36 PDT"]
[Termination "Game drawn by repetition"]

1. c4 Nf6 2. Nc3 e6 3. Nf3 c5 4. e3 b6 5. Be2 Bb7 6. O-O Be7 7. b3 O-O 8. Bb2 d5 9. d4 cxd4 10.
Nxd4 Nc6 11. Nxc6 Bxc6 12. cxd5 Nxd5 13. Nxd5 Qxd5 14. Qxd5 Bxd5 15. Rac1 Rac8 16. f3 Bc5 17.
Kf2 f6 18. Ba6 Rcd8 19. Rfd1 Kf7 20. Bd3 g6 21. Ke2 e5 22. Bb5 Ke6 23. e4 Bb7 24. Bc4+ Ke7 25. a3 Rxd1 26. Rxd1 Rd8 27. Rxd8 Kxd8 28.
b4 Bd6 29. b5 Bc5 30. Bg8 Ke7 31. Kd3 Bc8 32. Bd5 a6 33. a4 axb5 34. axb5 Bd7 35. Kc4 Kd6 36. h3 Be8 37. f4 Bd7 38. g4 h5 39. g5 fxg5 40. Bxe5+ Ke7 41. fxg5 Bxh3 42. Bf6+ Kf8 43. e5 Bf1+ 44. Kb3 Bxb5 45. Be4 Be8 46.
e6 h4 47. Bg2 Bb5 48. Kc3 Be2 49. Bh3 b5 50. Kd2 Bc4 51. Kc3 Be2 52. Kb3 Bc4+ 53. Kc3 Ke8 54. Kc2 Bd5 55. Kc3 Be4 56. Kb3 Bf5 57. Bxf5 gxf5 58. g6 Bf8 59. g7 Bxg7 60.
Bxg7 Ke7 61. Be5 Kxe6 62. Bh2 Kd5 63. Kb4 Ke4 64. Kxb5 Kf3 65. Kc4 Kg2 66. Bf4 Kf3 67. Bh2 Ke4 68. Kc3 Ke3 69. Kc2 f4 70. Kd1 f3 71.
Ke1 h3 72. Kf1 f2 73. Bg3 Kf3 74. Bh2 Ke3 75. Bb8 Kf3 76. Bh2 Ke3 1/2-1/2

[Event "*** Titled Tuesday Blitz"]
[Site "Chess.com"]
[Date "2020.04.28"]
[Round "5"]
[White "putra48"]
[Black "Alexander_Moskalenko"]
[Result "1/2-1/2"]
[WhiteElo "2615"]
[BlackElo "2868"]
[TimeControl "180+1"]
[EndTime "10:57:40 PDT"]
[Termination "Game drawn by agreement"]

1. e4 c6 2. d4 d5 3. Nc3 dxe4 4.
Nxe4 Nf6 5. Nxf6+ gxf6 6. c3 Qd5 7. Qf3 Qxf3 8. Nxf3 Bg4 9. Nh4 h5 10. h3 Be6 11. Bd3 Nd7 12. O-O Nb6 13. f4 O-O-O 14. f5 Bc4 15. Bxc4 Nxc4 16. b3 Nb6 17. Bb2 Bh6 18.
Rae1 Kd7 19. Re4 Rhg8 20. Rfe1 Rde8 21. c4 Nc8 22. d5 cxd5 23. Rd4 Nd6 24. Rxd5 Kc6 25.
Ba3 Bg5 26. Nf3 Bf4 27. Nd4+ Kc7 28. c5 Nc8 29. Re4 Be5 30. Nf3 e6 31. fxe6 fxe6 32. Rd1 Bg3 33. Nd4 e5 34. Nf5 Bf4 35. Bc1 Bxc1 36.
Rxc1 Rd8 37. Re2 Rd3 38. Kh2 a5 39. Rf1 Kd7 40. Ne3 Ke6 41. Nc4 a4 42. Ref2 Rg6 43. Nd2 f5 44. bxa4 Ne7 45. Nf3 e4 46. Nh4 Rf6 47.
Rb2 Rd7 48. a5 Nc6 49. Rb6 Ke5 50. Re1 f4 51. Nf3+ Kf5 52. Nh4+ Kg5 53. Rxe4 Kxh4 54. g3+ Kg5 55. gxf4+ Rxf4 56. Rxf4 Kxf4 57. a6 Rd2+ 58. Kg1 Rxa2 59. axb7 Nb8 60. Rh6 Rc2 61. Rxh5 Kg3 62. Kf1 Kf3 63. Rf5+ Ke4 64. Rf8 Nd7 65. b8=Q Nxb8 66. Rxb8 Rxc5 67. Kg2 Kf4 68. Rb4+ Kg5 69. Rg4+ Kh5 1/2-1/2

[Event "*** Titled Tuesday Blitz"]
[Site "Chess.com"]
[Date "2020.04.28"]
[Round "5"]
[White "Aureliano-Buendia"]
[Black "TST2014"]
[Result "1-0"]
[WhiteElo "2430"]
[BlackElo "2602"]
[TimeControl "180+1"]
[EndTime "10:57:41 PDT"]
[Termination "Aureliano-Buendia won by checkmate"]

1. d4 Nf6 2. c4 g6 3. Nc3 Bg7 4.
e4 O-O 5. Be2 d6 6. Bg5 h6 7.
Be3 e5 8. d5 c6 9. h4 h5 10. Nh3 Ng4 11. Bxg4 Bxg4 12. f3 Bc8 13.
Nf2 f5 14. Qd3 f4 15. Bd2 Bf6 16. O-O-O Bxh4 17. Be1 c5 18. Ne2 a6 19. Nh3 Bxe1 20. Rdxe1 b5 21. Reg1 bxc4 22. Qxc4 a5 23. g3 Ba6 24.
Qc2 Bxe2 25. Qxe2 Qf6 26. gxf4 exf4 27. Rxg6+ Qxg6 28. Rg1 Qxg1+ 29. Nxg1 Nd7 30. Qh2 Ne5 31. Qxh5 Rf7 32. Nh3 Raa7 33. Kc2 Rh7 34. Qe8+ Kg7 35. Nxf4 Nxf3 36. Nh5+ Kh6 37. Qf8+ Kxh5 38. Qxf3+ Kg6 39. Qg3+ Kh5 40. Qxd6 Kg4 41. e5 Kf3 42. e6 Ke4 43. Qc6 Rac7 44. Qd6 c4 45. a4 Rhg7 46. Kc3 Rh7 47. Kc2 Rb7 48. Qc5 Rh2+ 49. Kc3 Rb3+ 50. Kxc4 Rbxb2 51. Qd4+ Kf5 52. Qd3+ Kf6 53. Kc5 Rhd2 54.
Qf3+ Ke5 55. Qe3+ Kf6 56. Kd6 Re2 57. Qf4+ Kg6 58. Qf7+ Kg5 59. e7 Rb6+ 60. Kc7 Rf6 61. Qg7+ Kf5 62. d6 Rc2+ 63. Kd7 Rd2 64. Qxf6+ Kxf6 65. e8=Q Ra2 66. Qd8+ Ke5 67. Qxa5+ Kd4 68. Kd8 Kc4 69.
d7 Kb3 70. Qb5+ Ka3 71. a5 Rh2 72. a6 Rh8+ 73. Kc7 Ra8 74. Kb7 Rd8 75. a7 Ka2 76. a8=Q+ Rxa8 77. Kxa8 Ka3 78. d8=Q Ka2 79. Qda5# 1-0

[Event "*** Titled Tuesday Blitz"]
[Site "Chess.com"]
[Date "2020.04.28"]
[Round "5"]
[White "MilanovicDan"]
[Black "Volovier"]
[Result "1/2-1/2"]
[WhiteElo "2476"]
[BlackElo "2619"]
[TimeControl "180+1"]
[EndTime "10:57:45 PDT"]
[Termination "Game drawn by repetition"]

1. d4 d5 2. c4 c6 3. Nc3 Nf6 4.
e3 Bf5 5. Qb3 Qb6 6. Nf3 e6 7. Bd2 Nbd7 8. Be2 Bd6 9. c5 Qxb3 10.
axb3 Bc7 11. b4 O-O 12. b5 e5 13. O-O e4 14. Ne1 h5 15. Nc2 Bg4 16. f3 exf3 17.
gxf3 Bh3 18. Rfb1 Rfe8 19. bxc6 bxc6 20. Nb4 Nb8 21. Na6 Nxa6 22. Rxa6 Re6 23. b4 h4 24. b5 cxb5 25. Rxe6 fxe6 26. Nxb5 Bd8 27. Ra1 a5 28. Be1 g5 29. Bd3 Bf5 30. Bxf5 exf5 31. Nd6 Bc7 32. Nxf5 Kf7 33. Ra4 Ke6 34. Ng7+ Kf7 35. Nf5 Ke6 36.
Nd6 Rb8 37. Ra2 Rb1 38. Kf2 g4 39. Bxa5 Bxd6 40. cxd6 Kxd6 41. Bd8 Ke6 42. Ra6+ Kd7 43. Bxf6 Rb2+ 44. Kf1 Rb1+ 45. Kf2 Rb2+ 46. Ke1 Rb1+ 47.
Kd2 g3 48. hxg3 h3 49. Ra7+ Ke6 50. Rh7 h2 51. Rxh2 Rb2+ 52. Kd3 Rxh2 53. Be5 Rf2 54.
f4 Kf5 55. Bd6 Rg2 56. Be5 Rxg3 57. Bd6 Rg6 58. Be5 Rc6 59. Kd2 Ke4 60. Bg7 Rg6 61.
Be5 Rg2+ 62. Kc3 Kxe3 63. Kb4 Ke4 64. Kc5 Ra2 65. Kd6 Ra1 66. Kc5 Ra6 67. Kb5 Ra8 68.
Kc5 Rg8 69. Kd6 Rg6+ 70. Kc5 Rg8 71. Kd6 Rg6+ 72. Kc5 Rg8 1/2-1/2

[Event "*** Titled Tuesday Blitz"]
[Site "Chess.com"]
[Date "2020.04.28"]
[Round "5"]
[White "RaunakSadhwani2005"]
[Black "EugeneRougon"]
[Result "0-1"]
[WhiteElo "2882"]
[BlackElo "2772"]
[TimeControl "180+1"]
[EndTime "10:57:46 PDT"]
[Termination "EugeneRougon won by checkmate"]

1. e4 e6 2. d4 d5 3. Nc3 Bb4 4. exd5 exd5 5. Bd3 Nc6 6. a3 Bxc3+ 7. bxc3 Nge7 8. Ne2 Bf5 9. Ng3 Bxd3 10. cxd3 O-O 11.
O-O Qd7 12. a4 Rfe8 13. Ba3 Rad8 14. a5 b6 15. axb6 axb6 16. Bxe7 Nxe7 17. Qf3 Qc6 18.
Rac1 Qd7 19. h4 Rf8 20. h5 f5 21. Ne2 f4 22. Nxf4 Qf5 23. g3 g5 24. hxg6 Nxg6 25. Rfe1 Nxf4 26. Qxf4 Qxf4 27. gxf4 Rxf4 28. Re7 Rf7 29. Re5 Rd6 30. Rc2 c6 31. Rce2 b5 32. Re8+ Kg7 33. R2e3 Rg6+ 34. Kf1 h5 35. Rh3 Rh6 36.
Ree3 h4 37. Re5 Kg6 38. Ke2 Rf5 39. Re6+ Rf6 40. Re5 Rf5 41. f3 Rxe5+ 42. dxe5 c5 43. d4 cxd4 44. cxd4 Kf5 45. Kd3 Kf4 46. Kc3 Rc6+ 47.
Kb3 Rh6 48. Kb4 Ke3 49. Kc5 b4 50. Kxd5 b3 51. e6 b2 52. e7 Rh8 53. Rxh4 b1=Q 54.
Rxh8 Qf5+ 55. Kd6 Qf6+ 56. Kd7 Qxd4+ 57. Ke6 Qxh8 58. Kf7 Qh7+ 59. Kf8 Qh6+ 60. Kf7 Qf4+ 61. Ke6 Qa4 62. Kf7 Qd7 63. Kf8 Qd6 64. Ke8 Kxf3 65.
Kf7 Qf4+ 66. Ke6 Qe4+ 67. Kd6 Qg6+ 68. Kd7 Qf5+ 69. Kd8 Qd5+ 70. Kc7 Qe6 71. Kd8 Qd6+ 72. Ke8 Kf4 73. Kf7 Qd5+ 74. Kf6 Qf5+ 75. Kg7 Qe6 76.
Kf8 Qf6+ 77. Ke8 Ke5 78. Kd7 Qd6+ 79. Ke8 Kf6 80. Kf8 Qxe7+ 81. Kg8 Qg7# 0-1

[Event "*** Titled Tuesday Blitz"]
[Site "Chess.com"]
[Date "2020.04.28"]
[Round "5"]
[White "jposthuma"]
[Black "Malysch"]
[Result "1-0"]
[WhiteElo "2578"]
[BlackElo "2393"]
[TimeControl "180+1"]
[EndTime "10:58:00 PDT"]
[Termination "jposthuma won on time"]

1. d4 d5 2. c4 e6 3. Nf3 c6 4. e3 Nf6 5. Nc3 Nbd7 6. Bd3 Bd6 7. O-O dxc4 8. Bxc4 O-O 9. b3 e5 10. Bb2 Qc7 11.
h3 exd4 12. Qxd4 Nb6 13. Be2 Rd8 14. Qh4 Be7 15. Rac1 Bf5 16. Nb5 Qd7 17. Rfd1 Nfd5 18. Qg3 Bg6 19. Ne5 Qf5 20. Bg4 Qg5 21. Nd4 h5 22.
Ndf3 Qh6 23. Be6 Bf6 24. Qxg6 Qxg6 25. Nxg6 Bxb2 26. Bxd5 Nxd5 27. Rc2 Bf6 28. Nge5 Nb4 29. Rcd2 Rxd2 30. Rxd2 a5 31. a4 Na6 32. Nc4 Nc5 33.
Nd6 b5 34. axb5 cxb5 35. Nxb5 Nxb3 36. Ra2 a4 37. Kf1 Nc5 38. Nfd4 Bxd4 39. Nxd4 a3 40.
Nc2 Ne4 41. Rxa3 Nd2+ 42. Ke2 Rxa3 43. Nxa3 Ne4 44. Nb5 Nf6 45. Kf3 g6 46. Nc3 Kg7 47. Ne4 Ne8 48. Kf4 Nc7 49. Ke5 Ne6 50. f4 Nf8 51. Nf6 Ne6 52. g4 hxg4 53. hxg4 Nc5 54.
g5 Nd3+ 55. Ke4 Ne1 56. Kd4 Nc2+ 57. Kd3 Nb4+ 58. Kd2 Nc6 59. e4 Nd4 60. Ke3 Ne6 61. Kf3 Nd4+ 62. Kg4 Ne6 63. Nd5 Nd4 64. Nf6 Ne6 65. e5 Nd4 66. Kg3 Ne6 67. Kf3 Nd4+ 68. Ke4 Nf5 69. Nd5 Ng3+ 70. Kf3 Nf5 71. Ne3 Nd4+ 72.
Ke4 Ne6 73. Ng4 Nc5+ 74. Ke3 Ne6 75. Nf2 Nc5 76. Nd3 Ne6 77. Nb4 Nc5 78. Nd5 Ne6 79.
Ke4 Nc5+ 80. Kd4 Ne6+ 81. Kc4 Nd8 82. Kb5 Ne6 83. Kc6 Nd4+ 84. Kd6 Ne6 85. Ke7 Nd4 86. Nf6 Ne2 87. Ne8+ Kg8 88. Nd6 Kg7 89. Nxf7 Nxf4 90.
e6 Nh3 91. Kd6 Kf8 92. Kd7 1-0

[Event "*** Titled Tuesday Blitz"]
[Site "Chess.com"]
[Date "2020.04.28"]
[Round "5"]
[White "Kate1606"]
[Black "Caterpiller35"]
[Result "0-1"]
[WhiteElo "2023"]
[BlackElo "2303"]
[TimeControl "180+1"]
[EndTime "10:58:02 PDT"]
[Termination "Caterpiller35 won by checkmate"]

1. e4 c5 2. Nc3 a6 3. Nf3 Nc6 4.
d4 cxd4 5. Nxd4 e5 6. Nf5 Nf6 7. Nd6+ Bxd6 8. Qxd6 Qe7 9. Qxe7+ Kxe7 10. Bg5 Nd4 11.
O-O-O b5 12. Nd5+ Kd6 13. Nxf6 gxf6 14. Bxf6 Rg8 15. c3 Ke6 16. Bxe5 Kxe5 17. cxd4+ Kxe4 18. g3 Kf5 19. Bg2 Rb8 20. Rhe1 Bb7 21. Bh3+ Kf6 22. Bxd7 Rgd8 23. Bh3 Bd5 24. Kb1 h5 25. f4 h4 26. g4 Re8 27. g5+ Kg6 28. Re5 Bf3 29. Rde1 Red8 30. Bf5+ Kg7 31. R1e3 Bh5 32. d5 Rb6 33.
Rd3 Rbd6 34. Be4 Be2 35. Rd2 Bg4 36. b3 h3 37. f5 f6 38. Re7+ Kf8 39. gxf6 Rxf6 40.
Rh7 Bxf5 41. Bxf5 Rxf5 42. Rh8+ Ke7 43. Rxd8 Kxd8 44. Kb2 Rg5 45. d6 Rg2 46. Kc3 Kd7 47. Rd3 Rxh2 48. Kb4 Rxa2 49. Kc5 h2 50. Rh3 Rc2+ 51.
Kb6 Kxd6 52. Kxa6 Kc5 53. Rh5+ Kd4 54. Kxb5 Rb2 55. b4 Kc3 56. Rh3+ Kd4 57. Rh4+ Kc3 58. Rh3+ Kd4 59. Rh4+ Kd5 60. Rh5+ Kd6 61. Rh6+ Ke5 62. Rh5+ Kf4 63. Ka5 Ra2+ 64. Kb6 Kg4 65. Rh8 Rb2 66.
b5 Kg3 67. Ka6 Ra2+ 68. Kb7 Ra4 69. b6 Rh4 70. Rg8+ Kf2 71. Rf8+ Ke2 72. Re8+ Kd2 73. Rd8+ Kc2 74. Ka8 h1=Q+ 75. b7 Ra4+ 76. Kb8 Rb4 77. Kc8 Qxb7# 0-1

[Event "*** Titled Tuesday Blitz"]
[Site "Chess.com"]
[Date "2020.04.28"]
[Round "5"]
[White "elisak43"]
[Black "IMRosen"]
[Result "0-1"]
[WhiteElo "2390"]
[BlackElo "2561"]
[TimeControl "180+1"]
[EndTime "10:58:05 PDT"]
[Termination "IMRosen won by checkmate"]

1. Nf3 d5 2. c4 e6 3. g3 Nf6 4. Bg2 Be7 5. b3 O-O 6. O-O a5 7. a3 a4 8. cxd5 exd5 9. b4 c6 10. Bb2 Bf5 11. d3 Nbd7 12. Nc3 Nb6 13. Rc1 Re8 14. e3 h6 15. Qd2 Qd7 16. Ne2 Bh3 17. Bd4 Bxg2 18. Kxg2 Nc8 19. Ne5 Qf5 20. Nf3 Nd6 21. Bc5 Nb5 22. Ned4 Nxd4 23. Nxd4 Qd7 24.
Nf3 Bd6 25. Qb2 Re6 26. Bd4 Bf8 27. Rc2 Ne8 28. Bc5 Nc7 29. Rb1 Nb5 30. Nd4 Nxd4 31. Bxd4 Rc8 32. Bc5 h5 33. Qd4 Bd6 34. Bxd6 Qxd6 35.
Rbc1 Rg6 36. Kf1 Qe6 37. Kg2 Rg4 38. Qb6 h4 39. Qxb7 h3+ 40. Kf1 Rg6 41. b5 Qf5 42.
Ke2 Rf6 43. f4 Re8 44. Kf2 d4 45. e4 Qg4 46. bxc6 Rxf4+ 47. gxf4 Qg2+ 48. Ke1 Qg1+ 49. Ke2 Qxh2+ 50. Ke1 Qg1+ 51. Ke2 Qe3+ 52. Kf1 Qxf4+ 53. Ke2 Qg4+ 54. Kf1 Qf3+ 55. Kg1 Re6 56. Qb8+ Kh7 57. Kh2 Rg6 58. Rg1 Qxd3 59. Rxg6 Qxc2+ 60. Kxh3 fxg6 61. Qg3 Qxc6 62. Qh4+ Kg8 63. Qd8+ Kf7 64. e5 Qf3+ 65. Kh2 Qf2+ 66. Kh1 Qe1+ 67. Kg2 Qe2+ 68. Kg1 Qe3+ 69.
Kg2 Qe4+ 70. Kg1 Qxe5 71. Qd7+ Kf6 72. Qxa4 Qe3+ 73. Kg2 Qe2+ 74. Kg3 Qe3+ 75. Kg2 Qd2+ 76. Kg3 Qc3+ 77. Kg2 d3 78. Qa6+ Kf7 79. Qa7+ Kg8 80.
Qb8+ Kf7 81. Qb7+ Ke6 82. Qb6+ Kd5 83. Qb5+ Kd6 84. Qb8+ Kd7 85. Qb5+ Qc6+ 86. Qxc6+ Kxc6 87. Kf3 Kc5 88. Ke3 Kc4 89. Kd2 g5 90. a4 g4 91. a5 g3 92. a6 g2 93. a7 g1=Q 94.
a8=Q Qf2+ 95. Kc1 Qc2# 0-1